 Dungeon Crawl Stone Soup version 0.26.1-11-gd32895ea62 (webtiles) character file.

Game seed: 16455912865802780297

2681 jlumianski the Magician (level 9, -1/71 HPs)
             Began as a Gnoll Warper on July 9, 2021.
             Was a Follower of Qazlal.
             Slain by a centaur
             ... wielding a +0 halberd
              (14 damage)
             ... in a bailey.
             The game lasted 00:45:58 (10212 turns).

jlumianski the Magician (Gnoll Warper)             Turns: 10212, Time: 00:45:58

Health: -1/71      AC:  8    Str: 14    XL:     9   Next: 64%
Magic:  19/19      EV: 29    Int: 21    God:    Qazlal [*.....]
Gold:   392        SH:  1    Dex: 15    Spells: 16/21 levels left

rFire    . . .     SeeInvis .   C - +0 war axe (vamp)
rCold    . . .     Faith    .   (no shield)
rNeg     . . .     Spirit   .   E - +0 ring mail
rPois    .         Reflect  .   J - +0 hat {Int+3}
rElec    .         Harm     .   i - +0 cloak
rCorr    .         Rampage  .   (no gloves)
Will     .....                  m - +0 pair of boots
Stlth    ++........             t - amulet of the acrobat
HPRegen  0.21/turn              (no ring)
MPRegen  0.16/turn              (no ring)

@: acrobat
A: distributed training, fangs 1, strong nose
a: Renounce Religion


You were in a bailey.
You worshipped Qazlal.
Qazlal was aware of your devotion.
You visited 2 branches of the dungeon, and saw 8 of its levels.
You also visited: Sewer and Bailey.

You collected 392 gold pieces.

Inventory:

Hand Weapons
 a - a +0 hand axe
 o - a +0 hunting sling
 p - a +0 battleaxe
 q - a +4 whip of venom
 w - a +0 war axe
 C - a +0 vampiric war axe (weapon)
 N - a +0 vampiric glaive
Missiles
 c - 224 stones
 e - 5 boomerangs of dispersal
 u - 59 sling bullets
 v - 53 bolts
 y - 41 poisoned darts (quivered)
 O - 9 javelins
Armour
 b - a +0 leather armour
 i - a +0 cloak (worn)
 m - a +0 pair of boots (worn)
 n - a +0 hat
 r - a +0 helmet
 E - a +0 ring mail (worn)
 J - a +0 hat of intelligence (worn)
Jewellery
 k - an uncursed ring of ice
 t - an amulet of the acrobat (around neck)
Wands
 A - a wand of flame (32)
 F - a wand of paralysis (10)
 G - a wand of acid (26)
Scrolls
 d - 4 scrolls of blinking
 g - 5 scrolls of identify
 h - 4 scrolls of remove curse
 j - 2 scrolls of teleportation
 H - a scroll of fog
 M - a scroll of vulnerability {unknown}
Potions
 f - 12 potions of curing
 l - a potion of heal wounds
 s - 2 potions of berserk rage {unknown}
 x - 2 potions of brilliance {unknown}
 z - 7 potions of might
 B - a potion of lignification
 D - a potion of flight {unknown}
 I - a potion of magic {unknown}
 K - a potion of invisibility {unknown}
 L - a potion of resistance {unknown}
 P - a potion of experience {unknown}


   Skills:
 + Level 6.4 Fighting
 + Level 4.4 Short Blades
 + Level 4.4 Long Blades
 + Level 6.4 Axes
 + Level 4.4 Maces & Flails
 + Level 4.4 Polearms
 + Level 4.4 Staves
 + Level 4.4 Slings
 + Level 4.4 Bows
 + Level 4.4 Crossbows
 + Level 5.2 Throwing
 + Level 5.2 Armour
 + Level 6.4 Dodging
 + Level 4.4 Stealth
 + Level 4.4 Shields
 + Level 4.4 Unarmed Combat
 + Level 6.7 Spellcasting
 + Level 3.6 Conjurations
 + Level 3.6 Hexes
 + Level 3.6 Summonings
 + Level 3.6 Necromancy
 + Level 6.6 Translocations
 + Level 3.6 Transmutations
 + Level 3.6 Fire Magic
 + Level 3.6 Ice Magic
 + Level 3.6 Air Magic
 + Level 3.6 Earth Magic
 + Level 3.6 Poison Magic
 + Level 4.9 Invocations
 + Level 4.4 Evocations


You had 16 spell levels left.
You knew the following spells:

 Your Spells              Type           Power        Failure   Level
a - Blink                 Tloc           N/A          1%          2
b - Gell's Gravitas       Tloc           17%          3%          3

Your spell library contained the following spells:

 Spells                   Type           Power        Failure   Level
 Lesser Beckoning         Tloc           17%          3%          3
 Teleport Other           Tloc           35%          3%          3
 Passage of Golubria      Tloc           N/A          11%         4


Dungeon Overview and Level Annotations

Branches:
Dungeon (7/15)             Temple (1/1) D:6           Sewer (visited)
 Bailey (1/1)

Altars:
Ashenzari
Cheibriados
Dithmenos
Elyvilon
Fedhas
Kikubaaqudgha
Makhleb
Nemelex Xobeh
Qazlal
Ru
Vehumet
Xom
Yredelemnul
Zin
The Shining One


Innate Abilities, Weirdness & Mutations

Your experience applies equally to all skills.
You have very sharp teeth.
Your uncanny sense of smell can sniff out nearby items.


Message History

The centaur barely misses you. The centaur closely misses you.
The centaur barely misses you.
Throw: 43 darts (poison)
Press: ? - help, Q - select action, (/) - cycle Shift-Dir - straight line, f - centaur
Aim: a centaur, wielding a +0 halberd and wearing a +0 chain mail (81% to hit)
You throw a poisoned dart. The poisoned dart hits the centaur!
The centaur is poisoned.
The orc warrior shouts!
You hear a shout!
The centaur closely misses you.
Throw: 42 darts (poison)
Press: ? - help, Q - select action, (/) - cycle Shift-Dir - straight line, f - orc warrior, p - centaur
Aim: an orc warrior, wielding a +0 spear and wearing a +0 chain mail (61% to hit)
You throw a poisoned dart. The poisoned dart hits the orc warrior.
The orc warrior is poisoned.
The orc warrior hits you from afar with a +0 glaive!!
* * * LOW HITPOINT WARNING * * *
The centaur closely misses you.
The centaur hits you from afar with a +0 halberd!
You die...

##........).)).........##
##.....).).....).....##
#########')'#########
#≈≈≈≈≈≈≈#.).#≈≈≈≈≈≈≈#
≈≈≈≈≈≈≈≈#..)#≈≈≈≈≈≈≈≈
≈≈≈≈≈≈≈c#...#c≈≈≈≈≈≈≈
≈≈≈≈≈.c≈#...#≈co≈≈≈≈≈
≈≈≈..≈≈≈.....≈≈≈..≈≈≈
≈≈.≈≈≈......@.○≈≈≈.≈≈
≈≈.≈.....≈≈≈.....≈.≈≈
≈.≈≈.⌠..≈≈≈≈≈..⌠.≈≈.≈
≈.≈.....≈≈≈≈≈.....≈.≈
.≈≈....≈≈≈(o≈≈....≈≈.
.≈.....≈≈≈≈≈≈≈....o≈.
.≈.....≈≈≈:≈≈≈....(≈.
.≈.....≈≈≈:≈≈≈.....≈.
.≈.....≈≈≈.≈o≈..


You could see 3 orc warriors and 3 centaurs.

Vanquished Creatures
  6 orc warriors (Bailey)
  2 ice beasts
  2 phantoms
  3 centaurs
  3 ogres
  3 big kobolds (Sewer)
  2 bullfrogs
  A scorpion (D:6)
  4 howler monkeys
  A hound (D:6)
  A bullfrog skeleton (D:6)
  A centaur skeleton (D:4)
  5 orc wizards
  Jessica (D:3)
  Ijyb (D:3)
  2 worker ants
  A mummy (D:6)
  A worker ant zombie (D:7)
  Robin (D:2)
  3 gnolls (D:3)
  13 adders
  2 river rats (Sewer)
  2 shadow imps
  2 ufetubi
  3 worms
  4 leopard geckos
  30 orcs
  5 bats
  12 giant cockroaches
  19 goblins
  10 hobgoblins
  8 jackals
  A quokka (D:2)
  5 ball pythons
  6 frilled lizards
  30 kobolds
  35 rats
231 creatures vanquished.

Notes
Turn   | Place    | Note
-------+----------+-------------------------------------------
     0 | D:1      | jlumianski the Gnoll Warper began the quest for the Orb.
     0 | D:1      | Reached XP level 1. HP: 20/20 MP: 6/6
   256 | D:1      | Reached XP level 2. HP: 24/26 MP: 7/7
   554 | D:1      | Learned a level 2 spell: Blink
   867 | D:1      | Reached skill level 5 in Spellcasting
   867 | D:1      | Reached XP level 3. HP: 26/31 MP: 7/9
  1078 | D:2      | Found a shimmering altar of Xom.
  1108 | D:1      | Learned a level 3 spell: Gell's Gravitas
  1554 | D:2      | Noticed Robin
  1608 | D:1      | Reached skill level 1 in Invocations
  1621 | D:1      | Reached skill level 1 in Short Blades
  1621 | D:1      | Reached skill level 1 in Long Blades
  1621 | D:1      | Reached skill level 1 in Maces & Flails
  1621 | D:1      | Reached skill level 1 in Polearms
  1621 | D:1      | Reached skill level 1 in Staves
  1621 | D:1      | Reached skill level 1 in Slings
  1621 | D:1      | Reached skill level 1 in Bows
  1621 | D:1      | Reached skill level 1 in Crossbows
  1621 | D:1      | Reached skill level 1 in Stealth
  1621 | D:1      | Reached skill level 1 in Shields
  1621 | D:1      | Reached skill level 1 in Unarmed Combat
  1621 | D:1      | Reached skill level 1 in Evocations
  1989 | D:2      | Killed Robin
  1990 | D:2      | Reached XP level 4. HP: 22/38 MP: 2/11
  2594 | D:2      | Reached skill level 1 in Conjurations
  2594 | D:2      | Reached skill level 1 in Hexes
  2594 | D:2      | Reached skill level 1 in Summonings
  2594 | D:2      | Reached skill level 1 in Necromancy
  2594 | D:2      | Reached skill level 1 in Transmutations
  2594 | D:2      | Reached skill level 1 in Fire Magic
  2594 | D:2      | Reached skill level 1 in Ice Magic
  2594 | D:2      | Reached skill level 1 in Air Magic
  2594 | D:2      | Reached skill level 1 in Earth Magic
  2594 | D:2      | Reached skill level 1 in Poison Magic
  3097 | D:3      | Reached XP level 5. HP: 35/43 MP: 12/12
  3505 | D:3      | Noticed Ijyb
  3505 | D:3      | Noticed Jessica
  3516 | D:3      | Killed Ijyb
  3520 | D:3      | Killed Jessica
  3994 | D:3      | Reached XP level 6. HP: 36/50 MP: 11/13
  4325 | D:3      | Found a sparkling altar of Nemelex Xobeh.
  4390 | D:4      | Reached skill level 5 in Fighting
  4390 | D:4      | Reached skill level 5 in Axes
  4390 | D:4      | Reached skill level 5 in Dodging
  4415 | D:3      | Reached XP level 7. HP: 26/56 MP: 5/15
  4885 | D:4      | Found a glowing drain.
  4930 | Sewer    | Entered a sewer
  5292 | Sewer    | Reached XP level 8. HP: 63/63 MP: 16/16
  6556 | D:5      | Entered Level 5 of the Dungeon
  7091 | D:5      | Found a glowing silver altar of Zin.
  7092 | D:5      | Found a glowing golden altar of the Shining One.
  7093 | D:5      | Found a white marble altar of Elyvilon.
  7142 | D:5      | Found a blossoming altar of Fedhas.
  7968 | D:6      | Reached XP level 9. HP: 65/69 MP: 18/18
  8052 | D:6      | Found a snail-covered altar of Cheibriados.
  8119 | D:6      | Found a radiant altar of Vehumet.
  8377 | D:6      | Found a shadowy altar of Dithmenos.
  8697 | D:6      | Found a staircase to the Ecumenical Temple.
  8707 | Temple   | Entered the Ecumenical Temple
  8720 | Temple   | Became a worshipper of Qazlal Stormbringer
  9153 | D:7      | Found a flagged portal.
  9174 | Bailey   | Entered a bailey
  9337 | Bailey   | Reached * piety under Qazlal
  9487 | Bailey   | Reached skill level 5 in Throwing
  9487 | Bailey   | Reached skill level 5 in Armour
 10212 | Bailey   | Slain by a centaur

Illustrated notes

Levels and vault maps discovered:
D:1:      kilobyte_arrival_exit_the_forest, layout_loops_cross
D:2:      layout_basic, overflow_temple_1_default, kennysheep_donut, uniq_robin
D:3:      layout_basic, nemelex_altar_shiori, grunt_decor_clamped,
          moated_statue, uniq_jessica, uniq_ijyb
D:4:      mumra_celtic_spiral_tile, layout_basic, gup_sewer_entry_glass,
          minmay_misc_feat_roman
D:5:      layout_basic, good_gods_temple_1, lemuel_round_altar
D:6:      layout_layer_cave, slow_altar_2, grunt_dithmenos_smoke_and_mirrors,
          kennysheep_mini_moat, lemuel_temple_firewalk_b
D:7:      layout_rooms, enter_bailey_5, serial_shops, shop, xom_shifter_show
Temple:   chequers_temple_sunken
Bailey:   bailey_polearm_flooded_kennysheep, bailey

Skill      XL: |  1  2  3  4  5  6  7  8  9 |
---------------+----------------------------+-----
Spellcasting   | 5 6 |  6.7
Invocations    | 1 2 3 4 |  4.9
Short Blades   | 1 2 3 4 |  4.4
Long Blades    | 1 2 3 4 |  4.4
Maces & Flails | 1 2 3 4 |  4.4
Polearms       | 1 2 3 4 |  4.4
Staves         | 1 2 3 4 |  4.4
Slings         | 1 2 3 4 |  4.4
Bows           | 1 2 3 4 |  4.4
Crossbows      | 1 2 3 4 |  4.4
Stealth        | 1 2 3 4 |  4.4
Shields        | 1 2 3 4 |  4.4
Unarmed Combat | 1 2 3 4 |  4.4
Evocations     | 1 2 3 4 |  4.4
Conjurations   | 1 2 3 |  3.6
Hexes          | 1 2 3 |  3.6
Summonings     | 1 2 3 |  3.6
Necromancy     | 1 2 3 |  3.6
Transmutations | 1 2 3 |  3.6
Fire Magic     | 1 2 3 |  3.6
Ice Magic      | 1 2 3 |  3.6
Air Magic      | 1 2 3 |  3.6
Earth Magic    | 1 2 3 |  3.6
Poison Magic   | 1 2 3 |  3.6
Throwing       | 3 4 5 |  5.2
Armour         | 3 4 5 |  5.2
Fighting       | 5 6 |  6.4
Axes           | 5 6 |  6.4
Dodging        | 5 6 |  6.4
Translocations | 6 |  6.6

Action                   |  1- 3 |  4- 6 |  7- 9 || total
-------------------------+-------+-------+-------++-------
Melee: Hand axe          |   123 |     2 |       ||   125
       Bite              |    11 |     9 |    42 ||    62
       Punch             |     1 |     2 |     7 ||    10
       Whip              |       |    84 |       ||    84
       War axe           |       |    61 |   333 ||   394
 Fire: Hunting sling     |     3 |     5 |     8 ||    16
Throw: Stone             |     6 |       |       ||     6
       Dart              |       |     5 |    47 ||    52
 Cast: Gell's Gravitas   |     4 |     4 |    23 ||    31
       Blink             |     2 |     4 |     8 ||    14
Evoke: Wand              |       |       |     7 ||     7
  Use: Scroll            |     1 |     6 |     2 ||     9
       Potion            |       |     2 |     3 ||     5
 Stab: Sleeping          |     1 |       |     2 ||     3
       Distracted        |       |       |     1 ||     1
Armor: Leather armour    |    42 |    41 |    44 ||   127
       Ring mail         |       |       |    78 ||    78
Dodge: Dodged            |   119 |   119 |   433 ||   671
Block: Other             |       |       |     7 ||     7
